 Dungeon Crawl Stone Soup version 0.19-a0-734-ge18daf0 (webtiles) character file.

172750 tyrsky the Nimble (level 17, -3/148 HPs)
             Began as a Black Draconian Transmuter on June 22, 2016.
             Was the Champion of Cheibriados.
             Slain by a thorn hunter (14 damage)
             ... on level 4 of the Swamp.
             The game lasted 01:35:49 (30346 turns).

tyrsky the Nimble (Black Draconian Transmuter)     Turns: 30346, Time: 01:35:50

Health: -3/148     AC: 13    Str: 32    XL:     17   Next: 41%
Magic:  9/31       EV: 27    Int: 36    God:    Cheibriados [******]
Gold:   1867       SH:  0    Dex: 25    Spells: 10 memorised, 3 levels left

rFire  + . .     SeeInvis .       - Unarmed
rCold  . . .     Gourm    +     (armour unavailable)
rNeg   . . .     Faith    .     (shield currently unavailable)
rPois  +         Spirit   .     (helmet restricted)
rElec  +         Dismiss  .     Q - +2 cloak {rPois}
rCorr  .         Reflect  .     (gloves currently unavailable)
SustAt .         Harm     .     s - +0 pair of boots
MR     ++++.     NoTele   +     r - amulet of the gourmand
Stlth  ++........               b - ring "Woret" {-Tele rF+ MR++ Int+5}
                                u - ring of protection from magic

@: blade hands (expiring), flying, regenerating (expiring), repel missiles, very
slow, incredibly resistant to hostile enchantments, unstealthy
A: breathe lightning, unfitting armour, big wings, horns 1, stinger 3, clumsy 1,
deterioration 1, electricity resistance, cold-blooded, AC +9
a: Breathe Lightning, Stop Flying, End Transformation, Bend Time, Temporal
Distortion, Slouch, Step From Time, Renounce Religion


You were on level 4 of the Swamp.
You worshipped Cheibriados.
Cheibriados was exalted by your worship.
You were not hungry.
You had blades for hands.
You visited 5 branches of the dungeon, and saw 28 of its levels.
You also visited: Labyrinth and Ossuary.

You collected 2481 gold pieces.
You spent 614 gold pieces at shops.

Inventory:

Missiles
 a - 818 arrows
Armour
 s - a +0 pair of boots (worn)
 x - the +2 shield of the Sunfish {rF+ Stlth+}
   (You took it off a wight on level 14 of the Dungeon)

   It protects you from fire.
   It makes you more stealthy.
 P - a +1 buckler of protection (melded)
 Q - a +2 cloak of poison resistance (worn)
 V - a +2 pair of gloves of archery (melded)
Jewellery
 b - the ring "Woret" (right scythe-like blade) {-Tele rF+ MR++ Int+5}
   (You found it on level 2 of the Swamp)

   [ring of protection from fire]

   It affects your intelligence (+5).
   It protects you from fire.
   It affects your resistance to hostile enchantments.
   It prevents most forms of teleportation.
 r - an amulet of the gourmand (around neck)
 u - a ring of protection from magic (left scythe-like blade)
 w - an uncursed amulet of guardian spirit
 y - an uncursed ring of see invisible
 G - an uncursed ring of protection from cold {unknown}
 U - a +3 ring of evasion
Wands
 e - a wand of acid (6/15)
 m - a wand of lightning (12/15)
 t - a wand of lightning (5/15)
 A - a wand of acid (4/15)
 L - a wand of flame (28/48)
 X - a wand of lightning (7/15)
 Y - a wand of digging (16/24)
Scrolls
 d - 2 scrolls of recharging
 f - 8 scrolls of teleportation
 g - a scroll of summoning
 i - 2 scrolls of blinking
 k - 2 scrolls of magic mapping
 n - a scroll of identify {@*1}
 o - 8 scrolls of immolation
 p - 4 scrolls of fear
 v - 6 scrolls of amnesia
 E - a scroll of enchant weapon
 I - a scroll of silence
 T - 4 scrolls of enchant armour
 W - 8 scrolls of remove curse
Potions
 j - a potion of ambrosia
 q - a potion of magic
 z - 2 potions of invisibility
 B - 8 potions of agility
 D - 2 potions of resistance
 H - a potion of might {unknown}
 J - 5 potions of lignification
 K - 4 potions of heal wounds
 M - 2 potions of cancellation
 R - 2 potions of curing
Books
 F - a book of Air

   Spells                             Type                      Level
   a - Shock                          Conjuration/Air              1
   b - Swiftness                      Charms/Air                   2
   c - Repel Missiles                 Charms/Air                   2
   d - Static Discharge               Conjuration/Air              3
   e - Lightning Bolt                 Conjuration/Air              5
 S - a book of the Sky

   Spells                             Type                      Level
   a - Summon Lightning Spire         Summoning/Air                4
   b - Airstrike                      Air                          4
   c - Silence                        Hexes/Air                    5
   d - Deflect Missiles               Charms/Air                   6
   e - Conjure Ball Lightning         Conjuration/Air              6
   f - Tornado                        Air                          9
Comestibles
 c - 13 bread rations
 h - 3 slices of pizza
 l - 3 beef jerkies
 C - 11 meat rations
 N - 11 royal jellies
 Z - 15 fruits


   Skills:
 + Level 12.6 Fighting
 * Level 14.2 Dodging
 + Level 6.0 Shields
 + Level 13.8 Unarmed Combat
 + Level 10.3 Spellcasting
 - Level 5.6 Necromancy
 - Level 11.3 Transmutations
 + Level 9.9 Air Magic
 + Level 11.3 Invocations
 - Level 2.2 Evocations


You had 3 spell levels left.
You knew the following spells:

 Your Spells              Type           Power        Failure   Level  Hunger
a - Spider Form           Tmut/Pois      ######....   14%         3    None
b - Sticks to Snakes      Tmut           #######.     6%          2    None
c - Blade Hands           Tmut           #######...   14%         5    ##.....
d - Beastly Appendage     Tmut           ######       4%          1    None
e - Repel Missiles        Chrm/Air       ######       12%         2    None
f - Regeneration          Chrm/Necr      #####.....   24%         3    None
g - Passwall              Tmut/Erth      ######....   12%         2    None
h - Irradiate             Conj/Tmut      ######....   41%         5    ##.....
i - Airstrike             Air            ######....   12%         4    None
j - Deflect Missiles      Chrm/Air       ######....   85%         6    ####...


Dungeon Overview and Level Annotations

Branches:
Dungeon (15/15)            Temple (1/1) D:6            Lair (6/6) D:11
  Swamp (4/4) Lair:2       Spider (0/4) Lair:2        Slime (0/5) Lair:5
    Orc (2/2) D:12            Elf (0/3) Orc:2        Vaults (0/5) D:13
 Depths (0/5) D:15

Altars:
Ashenzari
Cheibriados
Dithmenos
Elyvilon
Fedhas
Gozag
Hepliaklqana
Kikubaaqudgha
Makhleb
Nemelex Xobeh
Okawaru
Pakellas
Qazlal
Ru
Sif Muna
Trog
Uskayaw
Vehumet
Xom
Yredelemnul
Zin
The Shining One
Beogh

Shops:
D:4 ?(   D:10 =?   D:11 }   D:12 (   Orc:2 }[:*

Annotations:
D:11 exclusion: 2 ice statues


Innate Abilities, Weirdness & Mutations

You can breathe wild blasts of lightning.
Your glossy black scales are hard. (AC +9)
Your body does not fit into most forms of armour.
Your large and strong wings let you fly indefinitely.
You are resistant to electric shocks. (rElec)
You are cold-blooded and may be slowed by cold attacks.
You have a pair of small horns on your head.
Your tail ends in a wickedly sharp and poisonous barb.
You are clumsy. (Dex -2)
Your body sometimes deteriorates upon taking damage.


Message History

* * * LOW HITPOINT WARNING * * *
The eight-headed hydra bites you but does no damage. x2
A swamp dragon comes into view.
You step out of the flow of time.
You hear a distant "Zot"! x6
You return to the normal time flow.
You feel quite a bit more hungry.
A giant leech, a hydra and a swamp drake come into view.
Your transformation is almost over.
The swamp drake moves out of view.
Drop what? 51/52 slots (_ for help) (? for menu, Esc to quit)
Okay, then.
You cannot teleport because you are wearing the ring "Woret" {-Tele rF+ MR++ Int+5}.
A six-headed hydra comes into view.
The swamp dragon roars!
The six-headed hydra roars! x2
The thorn hunter hits you!
* * * LOW HITPOINT WARNING * * *
The thorn hunter closely misses you.
The thorn hunter hits you but does no damage.
The thorn hunter misses you. The thorn hunter hits you!
You die...

♣..≈≈≈≈≈≈.≈≈≈≈♣
♣♣≈≈≈≈≈≈≈..k≈.§.♣
...≈≈≈≈≈≈.≈≈≈.≈≈.
.≈≈≈≈≈≈≈≈D≈≈≈D..≈≈
..≈≈≈≈.÷..≈≈≈≈..≈≈.♣##♣♣
♣♣.≈≈≈≈.≈≈≈≈D.......≈♣.≈
.w≈.≈≈≈))≈≈≈≈..≈...≈≈≈≈..
♣≈≈≈.....≈≈≈≈..≈≈...≈..≈
♣♣♣♣♣♣..d÷≈≈...?♣≈≈≈≈...♣
♣≈.f≈≈≈.♣.≈♣≈.§≈≈≈♣≈
♣.≈≈....♣ ♣♣♣...≈≈.[
♣♣≈≈..≈.♣ ♣♣≈..≈≈≈..
♣♣♣♣≈.!♣♣♣.≈≈≈≈≈≈[†
♣♣♣♣♣♣≈≈≈≈..≈≈≈≈≈≈..
♣.≈.♣♣♣§≈≈..≈≈≈≈≈≈..
♣.≈≈♣♣♣♣.≈≈≈≈≈≈≈≈≈..
♣.≈.≈.≈.≈≈≈≈≈≈≈†≈≈..


You could see a thorn hunter, 2 six-headed hydras, a swamp dragon, a giant leech
(wandering) and a swamp drake (wandering).

Vanquished Creatures
  Nikola (Swamp:4)
  Jorgrun (Swamp:3)
  3 thorn hunters
  Kirke (Swamp:3)
  2 entropy weavers (Lair:6)
  Azrael (D:13)
  An ettin (D:15)
  A minotaur (Lab)
  A fire dragon (D:15)
  An ice dragon (D:11)
  3 vault guards (D:13)
  2 ghost crabs
  16 hydras
  4 centaur warriors
  Erolcha (D:8)
  2 catoblepae
  A queen ant (Lair:6)
  2 ogre magi (D:15)
  12 alligators
  6 death yaks (Lair:6)
  A deep troll shaman (Lair:6)
  6 tengu warriors
  Urug (D:13)
  3 orc high priests
  A deep elf knight (D:15)
  A hell knight (D:15)
  Nergalle (D:10)
  5 spriggans
  8 skeletal warriors
  2 spriggan druids
  6 swamp dragons
  14 hill giants
  5 unseen horrors
  A lindwurm (Lair:6)
  Pikel (D:5)
  2 wizards
  8 orc knights
  A wolf spider zombie (D:15)
  2 orc sorcerers (Orc:1)
  2 cyclopes
  2 deep elf magi
  21 slime creatures
  9 ugly things
  2 wolf spiders (Lair:2)
  4 hornets
  25 elephants
  Maurice (D:8)
  7 black mambas
  2 ice statues (D:11)
  A torpor snail (Lair:6)
  3 gargoyles (D:13)
  20 spiny frogs
  7 komodo dragons
  4 rime drakes
  A yaktaur (D:13)
  2 tengu conjurers
  A minotaur zombie (Lab)
  A queen bee (D:9)
  8 trolls
  7 giant leeches
  3 polar bears
  7 two-headed ogres
  3 bog bodies
  A wolf spider simulacrum (D:13)
  Prince Ribbit (D:7)
  A harpy skeleton (D:15)
  16 blink frogs
  A redback (Lair:2)
  Sigmund (D:6)
  43 yaks
  A tarantella (shapeshifter) (D:14)
  2 water elementals
  A centaur simulacrum (D:13)
  A wraith (D:12)
  4 wyverns
  2 shadows
  A vampire (D:14)
  A fire elemental (D:13)
  5 hogs (Swamp:3)
  4 basilisks
  19 vampire mosquitoes
  4 hungry ghosts
  2 wargs (Orc:1)
  4 hippogriffs
  Edmund (D:6)
  8 insubstantial wisps (Swamp:2)
  2 mottled dragons (D:13)
  19 soldier ants
  9 swamp worms
  11 water moccasins
  4 hell hounds (D:13)
  7 porcupines
  5 sky beasts
  9 swamp drakes
  39 orc warriors
  5 black bears
  20 ice beasts
  A necrophage (D:5)
  6 phantoms
  22 ogres
  2 eyes of draining
  9 wasps
  11 wolves
  27 centaurs
  15 crocodiles
  2 big kobolds (D:10)
  16 giant frogs
  A gnoll sergeant (D:8)
  2 water moccasin zombies (Ossuary)
  A wyvern skeleton (D:9)
  A water moccasin skeleton (D:8)
  4 scorpions
  3 troll zombies (D:12)
  13 killer bees (D:9)
  16 wights
  7 howler monkeys
  6 electric eels
  6 centaur zombies
  7 crimson imps
  A giant frog zombie (D:10)
  2 quasits
  9 centaur skeletons
  10 hounds
  17 orc priests
  Crazy Yiuf (D:2)
  A gnoll shaman (Orc:2)
  6 jellies
  17 orc wizards
  Jessica (D:2)
  5 giant frog skeletons
  4 iguanas
  Natasha (D:3)
  27 worker ants
  16 sheep
  3 ogre zombies (D:12)
  3 big kobold zombies (Ossuary)
  3 killer bee zombies
  A human simulacrum (D:11)
  2 hound skeletons
  2 mummies (Ossuary)
  A howler monkey zombie (D:10)
  A worker ant zombie (D:5)
  Robin (D:2)
  9 gnolls
  9 adders
  83 river rats
  5 shadow imps
  5 white imps (D:13)
  An ufetubus (D:13)
  6 adder zombies
  2 adder skeletons (D:5)
  3 worms
  2 giant geckos
  105 orcs
  12 bats
  6 giant cockroaches
  11 goblins
  7 hobgoblins
  26 jackals
  5 quokkas
  A ball python skeleton (D:4)
  A giant gecko skeleton (D:7)
  4 giant newts
  4 gnoll zombies (Ossuary)
  A goblin zombie (D:12)
  A hobgoblin skeleton (D:12)
  6 hobgoblin zombies
  A jackal skeleton (D:5)
  18 kobolds
  3 kobold zombies (Ossuary)
  18 orc zombies
  5 rats
  A briar patch (Swamp:3)
1202 creatures vanquished.

Vanquished Creatures (collateral kills)
  The ghost of tstbtto the Severer, a journeyman DDFi of Okawaru (Lair:6)
  Natasha (twice) (D:3)
  A fungus (D:11)
4 creatures vanquished.

Vanquished Creatures (others)
  A two-headed ogre (D:11)
  2 vampire mosquitoes (Swamp:4)
  A centaur (D:12)
  A killer bee (D:11)
  A human simulacrum (D:11)
  3 adders
  An orc (Orc:2)
  An orc skeleton (D:12)
  An orc zombie (D:12)
  A briar patch (Swamp:3)
  31 fungi
  23 plants
67 creatures vanquished.

Grand Total: 1273 creatures vanquished

Notes
Turn   | Place    | Note
--------------------------------------------------------------
     0 | D:1      | tyrsky the Draconian Transmuter began the quest for the Orb.
     0 | D:1      | Reached XP level 1. HP: 16/16 MP: 3/3
   135 | D:1      | Reached skill level 2 in Dodging
   277 | D:1      | Reached XP level 2. HP: 9/23 MP: 5/5
   724 | D:2      | Found a sparkling altar of Nemelex Xobeh.
   758 | D:2      | Noticed Robin
   763 | D:2      | Killed Robin
   763 | D:2      | Reached XP level 3. HP: 24/28 MP: 4/6
  1004 | D:2      | Noticed Jessica
  1011 | D:2      | Learned a level 2 spell: Sticks to Snakes
  1023 | D:2      | Killed Jessica
  1023 | D:2      | Reached XP level 4. HP: 34/36 MP: 4/7
  1459 | D:2      | Learned a level 3 spell: Spider Form
  1459 | D:2      | Noticed Crazy Yiuf
  1477 | D:2      | Killed Crazy Yiuf
  1730 | D:3      | Noticed Natasha
  1739 | D:3      | Killed Natasha
  1739 | D:3      | Reached XP level 5. HP: 21/42 MP: 4/8
  1860 | D:3      | Noticed Natasha
  1873 | D:3      | Killed Natasha
  1951 | D:3      | Noticed Natasha
  1962 | D:3      | Killed Natasha
  2087 | D:3      | Reached skill level 3 in Dodging
  2133 | D:3      | Found an iron altar of Okawaru.
  2229 | D:3      | Reached skill level 5 in Unarmed Combat
  2242 | D:3      | Reached XP level 6. HP: 39/50 MP: 9/9
  3005 | D:4      | Found Huto Ruu's Magic Scroll Emporium.
  3027 | D:4      | Bought a scroll of fear for 45 gold pieces
  3057 | D:4      | Found Qutt's Antique Weapon Shop.
  3288 | D:4      | Your scales start taking on a glossy black colour.
  3288 | D:4      | Reached XP level 7. HP: 34/57 MP: 5/10
  3288 | D:4      | Gained mutation: You are resistant to electric shocks. (rElec) [Black Draconian growth]
  3541 | D:5      | Entered Level 5 of the Dungeon
  4202 | D:5      | Reached skill level 4 in Dodging
  4248 | D:5      | Found a blossoming altar of Fedhas.
  4248 | D:5      | Found a basalt altar of Yredelemnul.
  4249 | D:5      | Found a white marble altar of Elyvilon.
  4369 | D:5      | Found a deep blue altar of Sif Muna.
  5424 | D:5      | Reached XP level 8. HP: 52/66 MP: 4/11
  5655 | D:6      | Noticed Edmund
  5657 | D:6      | Noticed Sigmund
  5727 | D:6      | Found a shattered altar of Ashenzari.
  5998 | D:6      | Killed Edmund
  5998 | D:6      | Reached skill level 5 in Transmutations
  6008 | D:6      | Killed Sigmund
  6118 | D:6      | Noticed Pikel
  6148 | D:5      | HP: 3/67 [Pikel/whip of electrocution (3)]
  6149 | D:5      | Killed Pikel
  6149 | D:5      | Reached skill level 5 in Fighting
  6149 | D:5      | Reached skill level 5 in Dodging
  6501 | D:6      | Found a staircase to the Ecumenical Temple.
  6510 | Temple   | Entered the Ecumenical Temple
  6567 | Temple   | Became a worshipper of Cheibriados the Contemplative
  6595 | D:6      | Reached XP level 9. HP: 61/74 MP: 12/12
  7053 | D:7      | Noticed Prince Ribbit
  7069 | D:7      | Killed Prince Ribbit
  7249 | D:7      | Found an ancient bone altar of Kikubaaqudgha.
  7469 | D:7      | Learned a level 5 spell: Blade Hands
  7471 | D:7      | Found a snail-covered altar of Cheibriados.
  7589 | D:7      | Reached * piety under Cheibriados
  8163 | D:8      | Found a sand-covered staircase.
  8168 | Ossuary  | Entered an ossuary
  8212 | Ossuary  | Reached ** piety under Cheibriados
  8283 | Ossuary  | Reached skill level 1 in Invocations
  8496 | D:8      | Reached skill level 1 in Evocations
  8550 | D:8      | Noticed Erolcha
  8558 | D:8      | Killed Erolcha
  8558 | D:8      | Reached skill level 6 in Dodging
  8558 | D:8      | Reached XP level 10. HP: 21/83 MP: 10/14
  8956 | D:8      | Noticed Maurice
  8963 | D:8      | Reached *** piety under Cheibriados
  9351 | D:8      | Killed Maurice
 10182 | D:9      | Learned a level 2 spell: Repel Missiles
 10190 | D:9      | Reached **** piety under Cheibriados
 10301 | D:9      | Learned a level 3 spell: Regeneration
 10397 | D:9      | Reached skill level 1 in Necromancy
 11074 | D:10     | Entered Level 10 of the Dungeon
 11135 | D:10     | Noticed Nergalle
 11149 | D:10     | Killed Nergalle
 11254 | D:10     | Noticed a hill giant
 11260 | D:10     | Noticed a hill giant
 11260 | D:10     | Reached ***** piety under Cheibriados
 11264 | D:10     | Killed a hill giant
 11264 | D:10     | Reached XP level 11. HP: 52/92 MP: 7/17
 11268 | D:10     | Killed a hill giant
 11268 | D:10     | Reached skill level 7 in Dodging
 11953 | D:10     | Reached skill level 10 in Unarmed Combat
 11979 | D:10     | Found Peih's Jewellery Shop.
 12136 | D:10     | Noticed a hill giant
 12141 | D:10     | Killed a hill giant
 12167 | D:10     | Found Tiesilag's Magic Scroll Emporium.
 12173 | D:10     | Bought a scroll of remove curse for 48 gold pieces
 12173 | D:10     | Bought a scroll of remove curse for 48 gold pieces
 12173 | D:10     | Bought a scroll of remove curse for 48 gold pieces
 12467 | D:11     | Found a labyrinth entrance.
 12467 | D:11     | Noticed a brown ugly thing
 12472 | D:11     | Noticed a purple ugly thing
 12479 | D:11     | Killed a brown ugly thing
 12479 | D:11     | Reached skill level 5 in Invocations
 12488 | D:11     | Killed a purple ugly thing
 12511 | D:11     | Gained mutation: Your body sometimes deteriorates upon taking damage. [mutagenic meat]
 12512 | D:11     | Gained mutation: Your large and strong wings let you fly indefinitely. [mutagenic meat]
 12515 | D:11     | Gained mutation: Your tail ends in a poisonous barb. [mutagenic meat]
 12516 | D:11     | Gained mutation: You have a pair of small horns on your head. [mutagenic meat]
 12524 | Lab      | Entered a labyrinth
 12669 | Lab      | Noticed a minotaur
 12678 | Lab      | Killed a minotaur
 12678 | Lab      | Reached skill level 5 in Spellcasting
 12823 | D:11     | Noticed a hill giant
 12833 | D:11     | Noticed a hill giant
 12837 | D:11     | Reached skill level 8 in Dodging
 12838 | D:11     | Noticed an unseen horror
 12842 | D:11     | Reached ****** piety under Cheibriados
 12874 | D:11     | Reached XP level 12. HP: 70/101 MP: 3/19
 13132 | D:11     | Found a staircase to the Lair.
 13137 | D:11     | Reached skill level 10 in Transmutations
 13165 | D:11     | Gained mutation: Your tail ends in a sharp poisonous barb. [mutagenic meat]
 13166 | D:11     | Gained mutation: You are clumsy. (Dex -2) [mutagenic meat]
 13167 | D:11     | Gained mutation: Your tail ends in a wickedly sharp and poisonous barb. [mutagenic meat]
 13478 | D:11     | Found Totobru's Gadget Shoppe.
 13875 | D:11     | Noticed an ice dragon
 14391 | D:11     | Killed an ice dragon
 14663 | D:12     | Found a staircase to the Orcish Mines.
 14736 | D:12     | Reached skill level 9 in Dodging
 15191 | D:12     | Reached skill level 5 in Necromancy
 15266 | D:12     | Found Kyxkesel's Weapon Shoppe.
 15550 | Lair:1   | Entered Level 1 of the Lair of Beasts
 15573 | Lair:1   | Learned a level 2 spell: Passwall
 15579 | Lair:1   | Learned a level 5 spell: Irradiate
 15650 | Lair:1   | Reached XP level 13. HP: 94/110 MP: 22/22
 16431 | Lair:2   | Found a staircase to the Swamp.
 16658 | Lair:2   | Found a hole to the Spider Nest.
 17759 | Lair:3   | Reached skill level 10 in Dodging
 17819 | Lair:3   | Reached skill level 1 in Air Magic
 19313 | Lair:5   | Found a staircase to the Slime Pits.
 19618 | Lair:5   | Mutation became permanent: Your large and strong wings let you fly indefinitely. [Black Draconian growth]
 19618 | Lair:5   | Reached XP level 14. HP: 119/119 MP: 25/25
 20251 | Lair:6   | Entered Level 6 of the Lair of Beasts
 20462 | Lair:6   | Reached skill level 10 in Fighting
 20665 | Lair:6   | Noticed tstbtto's ghost (journeyman DDFi)
 20666 | Lair:6   | Reached skill level 11 in Dodging
 20683 | Lair:6   | Killed tstbtto's ghost
 20962 | Lair:6   | Noticed an entropy weaver
 20974 | Lair:6   | Reached skill level 5 in Air Magic
 20975 | Lair:6   | Noticed an entropy weaver
 20986 | Lair:6   | Killed an entropy weaver
 21553 | Lair:6   | Killed an entropy weaver
 22509 | Lair:5   | Reached XP level 15. HP: 114/128 MP: 27/27
 22633 | Orc:1    | Entered Level 1 of the Orcish Mines
 23197 | Orc:1    | Found a roughly hewn altar of Beogh.
 23393 | Orc:1    | Learned a level 4 spell: Airstrike
 23401 | Orc:2    | Entered Level 2 of the Orcish Mines
 23414 | Orc:2    | Reached skill level 12 in Dodging
 23568 | Orc:2    | Found a staircase to the Elven Halls.
 24135 | Orc:2    | Found Xeijeis's Book Shop.
 24135 | Orc:2    | Found Pokhopn's Armour Emporium.
 24135 | Orc:2    | Found Seygh's Gadget Shoppe.
 24138 | Orc:2    | Found Enuar's Assorted Antiques.
 24150 | Orc:2    | Bought a potion of heal wounds for 185 gold pieces
 24153 | Orc:2    | Bought a +2 cloak of poison resistance for 240 gold pieces
 24363 | Orc:1    | Found a roughly hewn altar of Beogh.
 24587 | Orc:2    | Found a roughly hewn altar of Beogh.
 24939 | D:13     | Noticed Urug
 24944 | D:13     | Killed Urug
 24945 | D:13     | Noticed Azrael
 24951 | D:13     | Killed Azrael
 25758 | D:13     | Reached skill level 1 in Shields
 25762 | D:13     | Found a gate to the Vaults.
 25821 | D:13     | Reached skill level 10 in Invocations
 26293 | D:14     | Got an ancient shield
 26304 | D:14     | Identified the +2 shield of the Sunfish {rF+ Stlth+} (You took it off a wight on level 14 of the Dungeon)
 26789 | D:15     | Entered Level 15 of the Dungeon
 26792 | D:15     | Reached XP level 16. HP: 138/139 MP: 23/29
 27070 | D:15     | Reached skill level 13 in Dodging
 27148 | D:15     | Found a staircase to the Depths.
 27905 | Swamp:1  | Entered Level 1 of the Swamp
 28767 | Swamp:2  | Learned a level 6 spell: Deflect Missiles
 28813 | Swamp:2  | Got a heavily runed amber ring
 28841 | Swamp:2  | Identified the ring "Woret" {-Tele rF+ MR++ Int+5} (You found it on level 2 of the Swamp)
 29113 | Swamp:2  | Reached skill level 5 in Shields
 29475 | Swamp:3  | Reached skill level 10 in Spellcasting
 29480 | Swamp:3  | Noticed Jorgrun
 29487 | Swamp:3  | Killed Jorgrun
 29493 | Swamp:3  | Reached XP level 17. HP: 112/147 MP: 25/31
 29554 | Swamp:3  | Noticed Kirke
 29580 | Swamp:3  | Killed Kirke
 29624 | Swamp:4  | Entered Level 4 of the Swamp
 29855 | Swamp:3  | Reached skill level 14 in Dodging
 30141 | Swamp:4  | Noticed Nikola
 30153 | Swamp:4  | Killed Nikola
 30346 | Swamp:4  | Slain by a thorn hunter

Vault maps used:
D:1:      dpeg_arrival_three_smaller_balls
D:2:      nemelex_xobeh_ov_fountains_minmay, uniq_crazy_yiuf_cottage,
          uniq_jessica, uniq_robin
D:3:      lemuel_coloured_pillars_altar, uniq_natasha
D:4:      serial_shops, kennysheep_little_box, shop
D:5:      old_standard_altar, gammafunk_temple_overflow_claw, first_bread,
          portal_sewer_entry_d, minmay_misc_feat_roman, minmay_holes
D:6:      old_standard_altar, uniq_edmund, uniq_sigmund, uniq_pikel
D:7:      nicolae_overflow_crystal_walls, basic_altar, serial_bayou_ford_a,
          uniq_prince_ribbit1
D:8:      nicolae_ossuary_entry_false_entrances, uniq_erolcha, uniq_maurice
D:9:      david_nohive_1
D:10:     serial_shops, shop, shop, uniq_nergalle
D:11:     minmay_ice_pillars, due_lair_maze_entry_diamond, serial_shops, shop,
          lab_entry_generic, bh_circular_ruins
D:12:     zombieorc1_lemuel, serial_shops,
          nicolae_shop_temple_entry_statues_fountains
D:13:     grunt_vaults_entry_fortified, serial_ice, serial_ice_d, serial_ice_h,
          serial_ice_f, serial_ice_i, serial_ice_o, serial_ice_a, serial_ice_m,
          serial_ice_n, serial_bayou_pond_c, uniq_azrael, uniq_urug
D:14:     hangedman_glass_teeth, roderic_nine_men_s_morris,
          kennysheep_cross_room
D:15:     hangedman_depths_entry_civil_slaughter, grunt_decor_cap
Temple:   zaba_magenta_temple
Lair:1:   lemuel_fruit_tree
Lair:2:   swamp_mist, spider_nest_entry_funnel_web, serial_bayou_shore_a
Lair:3:   grunt_megastairs_2
Lair:4:   kennysheep_basilisk_garden
Lair:5:   minmay_slime_entry_pillars, hangedman_lair_generics_rect
Lair:6:   grunt_lair_end_beastmaster, zaba_antful_of_joy,
          infiniplex_staircase_pool
Swamp:1:  nicolae_swamp_very_dense_foliage, swamp_pool1, st_swamp_ruins_2
Swamp:2:  evilmike_swamp_ruin_rubble_2
Swamp:3:  hangedman_swamp_ruin_wall, swamp_pool4, uniq_jorgrun, uniq_kirke
Swamp:4:  swamp, swamp_pool5, uniq_nikola
Orc:1:    basic_altar, minmay_orc_temple_c
Orc:2:    st_orc_rangers, kennysheep_orc_chapel
Lab:      labyrinth_hidden_loot, labyrinth_skeletal_remains
Ossuary:  ossuary_tomb_2

Skill      XL: |  1  2  3  4  5  6  7  8  9 10 11 12 13 14 15 16 17 |
---------------+----------------------------------------------------+-----
Dodging        | 2 3 4 5 6 8 9 10 11 12 13 14 | 14.2
Unarmed Combat | 4 5 6 7 9 10 11 12 13 | 13.8
Fighting       | 2 3 4 5 6 7 8 9 10 11 12 | 12.6
Transmutations | 3 4 6 7 8 9 10 11 | 11.3
Invocations    | 2 4 5 6 8 9 10 11 | 11.3
Evocations     | 1 2 |  2.2
Spellcasting   | 4 5 6 7 8 9 10 | 10.3
Necromancy     | 1 3 5 |  5.6
Air Magic      | 3 6 8 9 |  9.9
Shields        | 2 5 6 |  6.0

Action                   |  1- 3 |  4- 6 |  7- 9 | 10-12 | 13-15 | 16-18 || total
-------------------------+-------+-------+-------+-------+-------+-------++-------
Melee: Unarmed           |   112 |   208 |   528 |   679 |  1302 |   601 ||  3430
       Tailslap          |    15 |    14 |    47 |   124 |   306 |   159 ||   665
       Headbutt          |     4 |     6 |       |    95 |   445 |   208 ||   758
       Punch             |     2 |     2 |    10 |    43 |    77 |    19 ||   153
 Cast: Beastly Appendage |     4 |    11 |     2 |     1 |       |       ||    18
       Sticks to Snakes  |     1 |     4 |     3 |     5 |     4 |       ||    17
       Spider Form       |       |     2 |    23 |    23 |     1 |       ||    49
       Blade Hands       |       |       |       |    15 |    52 |    19 ||    86
       Repel Missiles    |       |       |       |     1 |     2 |       ||     3
       Regeneration      |       |       |       |     3 |    32 |    34 ||    69
       Airstrike         |       |       |       |       |     1 |       ||     1
       Irradiate         |       |       |       |       |     1 |       ||     1
Invok: Temporal Distorti |       |       |       |     6 |     4 |     1 ||    11
       Bend Time         |       |       |       |     1 |       |       ||     1
       Step From Time    |       |       |       |     1 |     5 |     3 ||     9
       Slouch            |       |       |       |       |     6 |       ||     6
 Abil: Breathe Lightning |       |       |     1 |       |     3 |     2 ||     6
       Fly               |       |       |       |     1 |       |       ||     1
Evoke: Wand              |       |       |       |     1 |       |       ||     1
  Use: Potion            |       |     1 |     7 |     3 |     1 |     3 ||    15
       Scroll            |       |       |    14 |    12 |     8 |     1 ||    35
 Stab: Invisible         |       |     1 |       |       |       |       ||     1
       Sleeping          |       |       |       |     6 |     4 |     3 ||    13
       Distracted        |       |       |       |     1 |     6 |     1 ||     8
       Petrified         |       |       |       |       |     4 |       ||     4
       Petrifying        |       |       |       |       |     1 |       ||     1
       Confused          |       |       |       |       |       |     1 ||     1
  Eat: Chunk             |       |     7 |    15 |    36 |    36 |     6 ||   100
       Beef jerky        |       |     1 |       |     1 |       |       ||     2
       Meat ration       |       |       |     2 |       |       |       ||     2
Armor: Skin              |    58 |    82 |   114 |   124 |   160 |   112 ||   650
Dodge: Dodged            |    86 |   161 |   449 |   803 |  1739 |   728 ||  3966
       Deflected         |       |       |       |     3 |    12 |    11 ||    26
Block: Buckler           |       |       |       |       |    38 |   149 ||   187
